 Dungeon Crawl Stone Soup version 0.30-a0-1016-gfb0d676c02 (webtiles) character file.

Game seed: 3480839135525641624

2653 DeathPants the Purveyor of Pain (level 9, -4/69 HPs)
             Began as a Demonspawn Necromancer on Apr 6, 2023.
             Was an Initiate of Kikubaaqudgha.
             Slain by a two-headed ogre
             ... wielding a +0 giant club
              (16 damage)
             ... on level 7 of the Dungeon.
             The game lasted 00:29:06 (8916 turns).

DeathPants the Purveyor of Pain (DsNe)              Turns: 8916, Time: 00:29:06

Health: -4/69      AC: 11    Str: 10    XL:     9   Next: 36%
Magic:  26/27      EV: 14    Int: 16    God:    Kikubaaqudgha [......]
Gold:   187        SH:  0    Dex: 17    Spells: 6/20 levels left

rFire   . . .      SeeInvis +    i - +1 dagger (flame)
rCold   . . .      Faith    .    (no shield)
rNeg    . . .      Spirit   .    d - +0 leather armour
rPois   .          Reflect  .    (helmet unavailable)
rElec   .          Rampage  .    t - +2 cloak
rCorr   .                        e - +1 pair of gloves
Will    +....                    E - +2 pair of boots
Stlth   ++                       (no amulet)
HPRegen 0.31/turn                x - ring of magical power
MPRegen 0.20/turn                q - ring of willpower

@: invisible
A: antennae 3, foul stench 1, powered by pain 1
a: Renounce Religion


You were on level 7 of the Dungeon.
You worshipped Kikubaaqudgha.
Kikubaaqudgha was noncommittal.
You visited 1 branch of the dungeon, and saw 8 of its levels.

You collected 372 gold pieces.
You spent 185 gold pieces at shops.

Inventory:

Hand Weapons
 i - a +1 dagger of flaming (weapon)
Missiles
 k - 3 boomerangs of dispersal
 l - 2 datura-tipped darts
 p - 5 boomerangs
 s - 34 poisoned darts
 D - 3 silver boomerangs
Armour
 d - a +0 leather armour (worn)
 e - a +1 pair of gloves (worn)
 t - a +2 cloak (worn)
 E - a +2 pair of boots (worn)
Jewellery
 f - a ring of resist corrosion
 o - a ring of protection from cold
 q - a ring of willpower (right hand)
 w - a ring of flight
 x - a ring of magical power (left hand)
 F - a +6 ring of strength
Wands
 y - a wand of roots (7)
 G - a wand of paralysis (7)
Scrolls
 c - 6 scrolls of teleportation
 g - 3 scrolls of immolation
 n - 4 scrolls of enchant weapon
 B - 2 scrolls of amnesia
 I - a scroll of vulnerability
 J - a scroll of summoning
 K - a scroll of fear
 L - a scroll of identify
Potions
 a - 2 potions of mutation
 b - a potion of magic
 h - 2 potions of lignification
 j - 3 potions of flight
 r - 5 potions of curing
 u - 2 potions of cancellation {unknown}
 v - a potion of ambrosia {unknown}
 z - a potion of attraction {unknown}
 A - a potion of brilliance {unknown}
 C - a potion of heal wounds {unknown}
 H - a potion of haste {unknown}


   Skills:
 + Level 6.3 Fighting
 + Level 6.1 Dodging
 - Level 1.7 Stealth
 + Level 6.1 Spellcasting
 + Level 8.3 Necromancy


You had 6 spell levels left.
You knew the following spells:

 Your Spells              Type           Power      Damage    Failure   Level
a - Necrotise             Necr           100%       1d9       1%          1
b - Dispel Undead         Necr           31%        3d14      6%          4
c - Animate Dead          Necr           31%        N/A       6%          4
d - Agony                 Necr           31%        N/A       17%         5

Your spell library contained the following spells:

 Spells                   Type           Power      Damage    Failure   Level
 Sublimation of Blood     Necr           31%        N/A       1%          2
 Vampiric Draining        Necr           31%        2d8       1%          3
 Kiss of Death            Conj/Necr      72%        2d10      3%          1
 Slow                     Hex            16%        N/A       19%         1
 Confusing Touch          Hex            4%         N/A       50%         3
 Gell's Gravitas          Tloc           4%         N/A       50%         3
 Ozocubu's Armour         Ice            4%         N/A       50%         3
 Teleport Other           Tloc           4%         N/A       50%         3
 Tukima's Dance           Hex            4%         N/A       50%         3
 Passage of Golubria      Tloc           4%         N/A       88%         4
 Metabolic Englaciation   Hex/Ice        2%         N/A       99%         5
 Yara's Violent Unravell  Hex/Tmut       2%         3d3       99%         5
 Simulacrum               Ice/Necr       9%         N/A       99%         6
 Dispersal                Tloc           2%         N/A       100%        6


Dungeon Overview and Level Annotations

Branches:
Dungeon (8/15)             Temple (0/1) D:6
   Lair: D:8-11

Altars:
Kikubaaqudgha
Nemelex Xobeh
Wu Jian

Shops:
D:1 *=[   D:3 =


Innate Abilities, Weirdness & Mutations

You have a pair of large antennae on your head. (SInv)
You may rarely emit foul miasma when damaged in melee.
You sometimes gain a little power by taking damage.


Message History

Aiming: Necrotise (safe; 1% risk of failure)
Press: ? - help, Q - select action, (/) - cycle Shift-Dir - straight line, f/p - two-headed ogre
Aim: a two-headed ogre, wielding a +0 giant club and a +0 giant spiked club (chance to affect: 70%)
The two-headed ogre writhes in agony.
You fade into invisibility!
Aiming: Necrotise (safe; 1% risk of failure)
Press: ? - help, Q - select action, (/) - cycle Shift-Dir - straight line, f/p - two-headed ogre
Aim: a two-headed ogre, wielding a +0 giant club and a +0 giant spiked club (lightly wounded, unable to see you, chance to affect: 70%)
The two-headed ogre writhes in agony.
You barely miss the two-headed ogre.
The two-headed ogre is lightly wounded.
The two-headed ogre hits you with a +0 giant club!
You focus on the pain.
You feel your power returning.
The two-headed ogre hits you with a +0 giant spiked club!!
You hit the two-headed ogre. You burn the two-headed ogre.
The two-headed ogre is lightly wounded.
You hit the two-headed ogre but do no damage.
The two-headed ogre is lightly wounded.
The two-headed ogre hits you with a +0 giant club!!
* * * LOW HITPOINT WARNING * * *
The two-headed ogre closely misses you.
The two-headed ogre shouts in stereo!
You barely miss the two-headed ogre.
The two-headed ogre is lightly wounded.
The two-headed ogre closely misses you. The two-headed ogre barely misses you.
You catch the helpless two-headed ogre completely off-guard!
You puncture the two-headed ogre! You burn the two-headed ogre.
The two-headed ogre is moderately wounded.
You catch the helpless two-headed ogre completely off-guard!
You hit the two-headed ogre. You burn the two-headed ogre.
The two-headed ogre is heavily wounded.
Aiming: Necrotise (safe; 1% risk of failure)
Press: ? - help, Q - select action, (/) - cycle Shift-Dir - straight line, f/p - two-headed ogre
Aim: a two-headed ogre, wielding a +0 giant club and a +0 giant spiked club (heavily wounded, unable to see you, chance to affect: 70%)
The two-headed ogre writhes in agony.
You hit the two-headed ogre but do no damage.
The two-headed ogre is heavily wounded.
The two-headed ogre hits you with a +0 giant club!
You die...
Kikubaaqudgha rasps: "You have failed me!
Welcome... death!"

#...............#######....#
#
##.#########.###.........##.#
# ...# #.# #.##########.#####
#### #.# #.# #...... # #.#
#.# #...... # #.# #.# ####.#.
# #.###.# #)#. # #.....# #)#.
. #####@### #... # #O..# ###.
#.#.##### #. #...).... ..
#...##### .. #...# .. #...#
##. #...# . ....#


You could see a two-headed ogre (unable to see you).

Vanquished Creatures
  Pikel (D:5)
  A sky beast (D:7)
  2 black bears (D:6)
  An orc warrior (D:5)
  An ice beast (D:6)
  3 ogres
  A lemure (D:5)
  2 kobold brigands (D:7)
  3 bullfrogs
  2 phantoms
  3 scorpions
  5 orc priests
  4 hounds
  A jelly (D:5)
  2 iguanas (D:6)
  2 sleepcaps
  2 orc wizards
  12 gnolls
  10 adders
  An ufetubus (D:4)
  2 dart slugs
  17 orcs
  4 bats
  7 endoplasms
  2 giant cockroaches
  5 goblins
  6 hobgoblins
  3 jackals (D:5)
  18 kobolds
  3 quokkas
  6 ball pythons
  6 frilled lizards
  4 rats
142 creatures vanquished.

Vanquished Creatures (collateral kills)
  A sky beast (D:6)
  3 gnolls (D:3)
  An adder (D:4)
  A frilled lizard (D:2)
  A kobold (D:3)
7 creatures vanquished.

Vanquished Creatures (others)
  A human (D:4)
  A sky beast zombie (D:7)
  A gnoll (D:7)
  A gnoll zombie (D:7)
  A jackal (D:7)
  A jackal zombie (D:7)
  5 fungi
  5 toadstools (D:3)
16 creatures vanquished.

Grand Total: 165 creatures vanquished

Notes
Turn   | Place    | Note
-------+----------+-------------------------------------------
     0 | D:1      | DeathPants the Demonspawn Necromancer began the quest for
                  | the Orb.
     0 | D:1      | Reached XP level 1. HP: 13/13 MP: 3/3
    58 | D:1      | Found Wypn's Antique Armour Boutique.
    94 | D:1      | Found a faded altar of an unknown god.
   252 | D:1      | Found Oxzis's Jewellery Boutique.
   330 | D:1      | Gained mutation: You have a pair of small antennae on your
                  | head. [demonic ancestry]
   330 | D:1      | Reached XP level 2. HP: 15/20 MP: 1/5
   742 | D:1      | Found Vyhit's General Store.
   747 | D:1      | Bought a scroll of identify for 20 gold pieces
   931 | D:1      | Bought a +0 pair of gloves for 45 gold pieces
  1247 | D:2      | Reached skill level 1 in Fighting
  1247 | D:2      | Reached XP level 3. HP: 6/26 MP: 0/6
  1747 | D:2      | Gained mutation: You may rarely emit foul miasma when
                  | damaged in melee. [demonic ancestry]
  1747 | D:2      | Reached XP level 4. HP: 19/33 MP: 0/7
  1897 | D:1      | Reached skill level 5 in Necromancy
  2007 | D:3      | Found a sparkling altar of Nemelex Xobeh.
  2107 | D:2      | Learned a level 4 spell: Dispel Undead
  2156 | D:2      | Gained mutation: You have a pair of antennae on your head.
                  | [demonic ancestry]
  2156 | D:2      | Reached XP level 5. HP: 32/38 MP: 9/9
  2676 | D:3      | Found Joppuedgh's Jewellery Boutique.
  2866 | D:3      | Gained mutation: You sometimes gain a little power by
                  | taking damage. [demonic ancestry]
  2866 | D:3      | Reached XP level 6. HP: 6/46 MP: 2/11
  3456 | D:5      | Entered Level 5 of the Dungeon
  4046 | D:4      | Gained mutation: You have a pair of large antennae on your
                  | head. (SInv) [demonic ancestry]
  4046 | D:4      | Reached XP level 7. HP: 11/52 MP: 12/12
  4338 | D:4      | Reached skill level 6 in Necromancy
  5140 | D:4      | Found an ancient bone altar of Kikubaaqudgha.
  5143 | D:4      | Noticed a human
  5144 | D:4      | Killed a human
  6460 | D:5      | Found an ornate altar of the Wu Jian Council.
  6565 | D:6      | Reached XP level 8. HP: 37/61 MP: 15/15
  6770 | D:5      | Learned a level 5 spell: Agony
  6832 | D:4      | Became a worshipper of Kikubaaqudgha
  6983 | D:1      | Bought a pair of glowing boots for 120 gold pieces
  7088 | D:6      | Reached skill level 7 in Necromancy
  7108 | D:6      | Reached skill level 5 in Fighting
  7108 | D:6      | Reached skill level 5 in Dodging
  7108 | D:6      | Reached skill level 5 in Spellcasting
  8012 | D:6      | Found a staircase to the Ecumenical Temple.
  8018 | D:6      | Noticed Pikel
  8133 | D:5      | Killed Pikel
  8134 | D:5      | Reached skill level 8 in Necromancy
  8134 | D:5      | Reached XP level 9. HP: 56/69 MP: 17/17
  8406 | D:7      | Reached * piety under Kikubaaqudgha
  8406 | D:7      | Received a gift from Kikubaaqudgha
  8449 | D:7      | Learned a level 4 spell: Animate Dead
  8900 | D:7      | Noticed a two-headed ogre
  8916 | D:7      | Slain by a two-headed ogre

Illustrated notes

Levels and vault maps discovered:
D:1:      dpeg_arrival_round_a, layout_basic,
          shapermc_ecumenical_altar_mp_urbaneastern, serial_shops, shop,
          nicolae_shop_trees, nicolae_shop_hallway_plus
D:2:      kennysheep_big_flooded_room, layout_basic, minmay_indecisive_spiral
D:3:      cheibrodos_fertilizer, layout_basic,
          mainiacjoe_overflow_surrounded_room, serial_shops, shop
D:4:      layout_loops_ring, tgw_kikubaaqudgha, serial_rivers,
          chequers_serial_rivers_large_a, chequers_serial_rivers_small_a,
          chequers_serial_rivers_small_3, chequers_serial_rivers_micro_c
D:5:      layout_gridville, mainiacjoe_overflow_six_doors_small,
          minmay_misc_feat_tiny
D:6:      layout_rooms, temple_pool_b, serial_park_tiny_pond,
          kennysheep_diamond, uniq_pikel
D:7:      layout_loops_ring
D:8:      layout_basic, nicolae_figureground_sparkle

Skill      XL: |  1  2  3  4  5  6  7  8  9 |
---------------+----------------------------+-----
Dodging        | 2 3 4 5 6 |  6.1
Fighting       | 1 2 3 4 6 |  6.3
Necromancy     | 5 6 8 |  8.3
Spellcasting   | 3 4 5 6 |  6.1
Stealth        | |  1.7

Action                     |  1- 3 |  4- 6 |  7- 9 || total
---------------------------+-------+-------+-------++-------
  Melee: Club              |    16 |       |       ||    16
         Unarmed           |     7 |       |       ||     7
         Dagger            |    70 |   210 |   426 ||   706
         Punch             |     2 |     1 |     5 ||     8
  Throw: Dart              |       |     1 |       ||     1
   Cast: Necrotise         |    46 |    55 |    85 ||   186
         Animate Dead      |       |       |     1 ||     1
 Invoke: Unearth Wretches  |       |       |     1 ||     1
    Use: Scroll            |     2 |     7 |    11 ||    20
         Potion            |       |       |     1 ||     1
   Stab: Sleeping          |     1 |     3 |     1 ||     5
         Invisible         |       |       |     2 ||     2
         Distracted        |       |       |     1 ||     1
         Paralysed         |       |       |     1 ||     1
 Armour: Leather armour    |    47 |    89 |   156 ||   292
  Dodge: Dodged            |    75 |   169 |   294 ||   538

Table legend: (Time is in decaauts)
 A = Elapsed time spent in this place.
 B = Non-inter-level travel time spent in this place.
 C = Inter-level travel time spent in this place.
 D = Time resting spent in this place.
 E = Time spent auto-exploring this place.
 F = Levels seen in this place.
 G = Mean time per level.
                   A        B        C        D        E       F      G
               +--------+--------+--------+--------+--------+-----+--------+
         Total |   8937 |   8556 |    381 |    896 |   5410 |   8 | 1117.1 |
       Dungeon |   8937 |   8556 |    381 |    896 |   5410 |   8 | 1117.1 |
               +--------+--------+--------+--------+--------+-----+--------+

Top non-repeatable levels by time:
     D:4: 2029 daAuts
     D:5: 1568 daAuts
     D:1: 1444 daAuts
     D:6: 1224 daAuts
     D:3: 1063 daAuts
     D:2: 1017 daAuts
     D:7: 579 daAuts
     D:8: 10 daAuts
